 Dungeon Crawl Stone Soup version 0.22-a0-254-gaf95ca0 (webtiles) character file.

2692 HEYYEYAAE the Cruncher (level 9, 0/67 HPs)
             Began as a Demigod Summoner on Mar 4, 2018.
             Slain by a wyvern (15 damage)
             ... on level 8 of the Dungeon.
             The game lasted 00:10:05 (7480 turns).

HEYYEYAAE the Cruncher (Demigod Summoner)           Turns: 7480, Time: 00:10:06

Health: 0/67       AC:  3    Str: 13    XL:     9   Next: 15%
Magic:  9/16       EV: 13    Int: 23    God:
Gold:   411        SH:  0    Dex: 16    Spells: 10/13 levels left

rFire    . . .     SeeInvis .   r - +0 quarterstaff (protect)
rCold    . . .     Gourm    .   (shield currently unavailable)
rNeg     . . .     Faith    .   a - +0 robe
rPois    .         Spirit   .   (no helmet)
rElec    .         Reflect  .   q - +0 cloak
rCorr    .         Harm     .   (no gloves)
MR       .....                  (no boots)
Stlth    ++........             p - amulet of regeneration
HPRegen  0.61/turn              (no ring)
MPRegen  0.15/turn              (no ring)

@: no status effects
A: high mp 1
a: no special abilities


You were on level 8 of the Dungeon.
You were hungry.

You visited 1 branch of the dungeon, and saw 8 of its levels.
You also visited: Ossuary.

You collected 411 gold pieces.

Inventory:

Hand Weapons
 d - a +0 club
 f - a +0 spear
 r - a +0 quarterstaff of protection (weapon)
 y - a +1 short sword of electrocution
Armour
 a - a +0 robe (worn)
 q - a +0 cloak (worn)
Jewellery
 p - an amulet of regeneration (around neck)
Wands
 e - a wand of clouds (4)
 g - a wand of paralysis (8)
 B - a wand of scattershot (6)
Scrolls
 h - a scroll of fear
 m - a scroll of identify
 n - a scroll of fog
 o - 5 scrolls of teleportation
 s - 2 scrolls of amnesia
 u - a scroll of blinking
 v - 4 scrolls of magic mapping
 w - 3 scrolls of remove curse
 A - a scroll of enchant armour {unknown}
 C - a scroll of enchant weapon {unknown}
Potions
 b - 2 potions of ambrosia
 i - 3 potions of curing
 j - 6 potions of flight
 k - 5 potions of haste
 l - 4 potions of magic
 t - 3 potions of brilliance {unknown}
 x - 3 potions of heal wounds {unknown}
 z - 2 potions of lignification {unknown}
 D - 2 potions of cancellation {unknown}
Comestibles
 c - 8 rations


   Skills:
 - Level 2.1 Fighting
 * Level 8.4 Staves
 - Level 1.8 Armour
 - Level 2.7 Dodging
 - Level 1.7 Stealth
 - Level 2.6 Spellcasting
 + Level 7.7 Summonings


You had 10 spell levels left.
You knew the following spells:

 Your Spells              Type           Power        Failure   Level  Hunger
a - Call Imp              Summ           #####...     1%          2    ##.....
b - Summon Small Mammal   Summ           ####         1%          1    None


Dungeon Overview and Level Annotations

Branches:
Dungeon (8/15)             Temple (0/1) D:4
   Lair: D:8-11


Innate Abilities, Weirdness & Mutations

You have an increased reservoir of magic. (+10% MP)


Message History

Your iron imp disappears in a puff of smoke!
The wyvern closely misses you.
Your crimson imp blinks!
Your white imp closely misses the wyvern.
You swap places.
The wyvern bites your crimson imp!
Your crimson imp dies!
Evoke which item? (* to show all) (? for menu, Esc to quit)
Okay, then.
You feel better. The wyvern bites you.
* * * LOW HITPOINT WARNING * * *
The wyvern bites you.
* * * LOW HITPOINT WARNING * * *
Evoke which item? (* to show all) (? for menu, Esc to quit)
Aiming: Paralyse
Press: ? - help, Shift-Dir - straight line, f - wyvern
Aim: a wyvern (moderately wounded, chance to defeat MR: 46%)
The wyvern resists with some effort.
Your white imp hits the wyvern but does no damage.
The wyvern bites you!
You die...

#. #.......# #.#
#.......# #.#
#.......# #.#
#.......# ###.##
#.......#
#....####.......#
#...............#
#.........##.##+##
#.........@l5....#
####..†...###....#
#........#....#
#.......##....#
#.##+#<..#....#
#.##5....#....#
#.##.###.#..>##
#.#.. .#.### #.##
#


You could see a wyvern and a friendly white imp.

Vanquished Creatures
  A troll (D:4)
  A hippogriff (D:7)
  A hungry ghost (D:7)
  A water moccasin (D:7)
  A sky beast (D:7)
  A necrophage (D:5)
  A phantom (D:6)
  An ogre (D:4)
  A centaur (D:6)
  An elf zombie (Ossuary)
  5 bullfrogs
  2 scorpions (D:6)
  A centaur zombie (Ossuary)
  A crimson imp (D:6)
  2 jellies (D:5)
  2 human zombies (Ossuary)
  2 orc priests (D:5)
  3 hounds
  A centaur skeleton (D:6)
  Natasha (D:3)
  3 worker ants
  3 big kobold zombies (Ossuary)
  A hound skeleton (D:6)
  3 mummies (Ossuary)
  6 adders
  A howler monkey skeleton (D:4)
  An adder skeleton (D:5)
  3 adder zombies (Ossuary)
  2 worms
  4 leopard geckos
  13 orcs
  A giant cockroach (D:1)
  3 gnoll zombies (Ossuary)
  7 goblins
  3 hobgoblins (D:1)
  5 jackals
  7 quokkas
  2 ball pythons
  4 bats
  A frilled lizard (D:1)
  2 goblin zombies (Ossuary)
  2 hobgoblin zombies (Ossuary)
  3 jackal zombies (Ossuary)
  2 kobolds (D:1)
  3 kobold zombies (Ossuary)
  A leopard gecko skeleton (D:5)
  3 quokka zombies (Ossuary)
  3 rats
  4 rat zombies (Ossuary)
  A plant (D:2)
127 creatures vanquished.

Vanquished Creatures (collateral kills)
  A hippogriff (D:7)
  A sky beast (D:7)
  A phantom (D:6)
  2 ogres
  A bullfrog (D:6)
  A scorpion (D:4)
  A crimson imp (D:7)
  A bullfrog zombie (D:6)
  An orc priest (D:4)
  2 hounds
  3 orc wizards
  Jessica (D:2)
  4 worker ants
  2 iguanas
  A hound zombie (Ossuary)
  A shadow imp (D:7)
  3 worms
  5 dart slugs
  3 leopard geckos
  2 orcs
  2 bats
  A giant cockroach (D:4)
  4 goblins (D:1)
  6 hobgoblins
  3 jackals
  2 quokkas
  A ball python (D:1)
  2 frilled lizards
  A goblin zombie (Ossuary)
  5 kobolds
  A kobold zombie (Ossuary)
  2 rats
  A rat zombie (Ossuary)
68 creatures vanquished.

Vanquished Creatures (others)
  A bush (D:2)
1 creature vanquished.

Grand Total: 196 creatures vanquished

Notes
Turn   | Place    | Note
-------+----------+-------------------------------------------
     0 | D:1      | HEYYEYAAE the Demigod Summoner began the quest for the Orb.
     0 | D:1      | Reached XP level 1. HP: 14/14 MP: 5/5
   282 | D:1      | Reached XP level 2. HP: 8/22 MP: 1/7
   735 | D:1      | Found a glowing golden altar of the Shining One.
  1191 | D:1      | Learned a level 2 spell: Call Imp
  1572 | D:2      | Reached XP level 3. HP: 17/27 MP: 1/8
  1799 | D:2      | Reached skill level 1 in Fighting
  2535 | D:2      | Noticed Jessica
  2543 | D:2      | Killed Jessica
  2543 | D:2      | Reached skill level 1 in Armour
  2753 | D:3      | Reached XP level 4. HP: 27/35 MP: 1/10
  2905 | D:3      | Noticed Natasha
  2916 | D:3      | Killed Natasha
  3228 | D:4      | Found a staircase to the Ecumenical Temple.
  3303 | D:4      | Noticed an ogre
  3310 | D:4      | Killed an ogre
  3310 | D:4      | Reached XP level 5. HP: 41/41 MP: 6/11
  3411 | D:4      | Noticed an ogre
  3422 | D:4      | Killed an ogre
  3949 | D:4      | Reached XP level 6. HP: 46/48 MP: 4/13
  3952 | D:4      | Reached skill level 1 in Staves
  3970 | D:4      | Noticed a troll
  3987 | D:4      | Reached skill level 5 in Summonings
  3993 | D:4      | Killed a troll
  3993 | D:4      | Reached skill level 2 in Staves
  4006 | D:4      | Reached skill level 3 in Staves
  4213 | D:5      | Entered Level 5 of the Dungeon
  4323 | D:5      | Reached XP level 7. HP: 38/55 MP: 7/14
  4536 | D:5      | Reached skill level 4 in Staves
  5287 | D:6      | Found a sand-covered staircase.
  5318 | Ossuary  | Entered an ossuary
  5501 | Ossuary  | Reached skill level 5 in Staves
  5578 | Ossuary  | Reached XP level 8. HP: 60/60 MP: 15/15
  5845 | D:6      | Reached skill level 6 in Staves
  5922 | D:6      | Found a blossoming altar of Fedhas.
  6258 | D:6      | Reached skill level 7 in Staves
  6688 | D:7      | Noticed a hippogriff
  6699 | D:7      | Killed a hippogriff
  6719 | D:7      | Reached skill level 8 in Staves
  6719 | D:7      | Reached XP level 9. HP: 38/66 MP: 9/16
  7480 | D:8      | Slain by a wyvern

Vault maps used:
D:1:      dpeg_arrival_refuge, tso_altar
D:2:      serial_forest, infiniplex_forest_straight_4,
          infiniplex_forest_lined_2, infiniplex_forest_corner_1,
          infiniplex_forest_clump_tiny, infiniplex_forest_clump_C,
          infiniplex_forest_end_2, infiniplex_forest_join,
          infiniplex_forest_clump_double, infiniplex_forest_corner_1,
          uniq_jessica
D:3:      first_ration, uniq_natasha
D:4:      temple_fountains, kennysheep_diamond, kennysheep_generic_room_9
D:6:      kennysheep_mini_moat, cheibrodos_sewer_entry_bend,
          nicolae_ossuary_entry_ruins
D:8:      hangedman_ranch
Ossuary:  minmay_ossuary_two_tombs

Skill      XL: |  1  2  3  4  5  6  7  8 |
---------------+-------------------------+-----
Spellcasting   | 2 |  2.6
Dodging        | 2 |  2.7
Summonings     | 4 5 6 7 |  7.7
Fighting       | 1 2 |  2.1
Armour         | 1 |  1.8
Staves         | 3 5 8 |  8.4
Stealth        | |  1.7

Action                   |  1- 3 |  4- 6 |  7- 9 || total
-------------------------+-------+-------+-------++-------
Melee: Unarmed           |    31 |       |       ||    31
       Club              |    51 |       |       ||    51
       Spear             |   155 |    40 |       ||   195
       Quarterstaff      |       |    55 |   494 ||   549
 Cast: Summon Small Mamm |    36 |       |       ||    36
       Call Imp          |    30 |    42 |    76 ||   148
Evoke: Wand              |       |     3 |     6 ||     9
  Use: Scroll            |     3 |       |     9 ||    12
       Potion            |       |       |     1 ||     1
 Stab: Sleeping          |     2 |     1 |     6 ||     9
       Distracted        |     1 |     1 |     4 ||     6
       Paralysed         |       |     6 |     5 ||    11
       Confused          |       |     2 |       ||     2
  Eat: Chunk             |     8 |     8 |     8 ||    24
       Ration            |       |       |     2 ||     2
Armor: Robe              |    33 |    17 |   148 ||   198
Dodge: Dodged            |   131 |    62 |   297 ||   490

Table legend:
 A = Spawn XP
 B = Non-spawn XP
 C = Spawn XP percentage of total XP
 D = Spawn monster count
 E = Non-spawn monster count
 F = Spawn count percentage of total count
 G = Total turns spent on level
                    A         B        C        D         E        F      G
               +---------+---------+-------+---------+---------+-------+---------
         Total |       0 |    3847 |   0.0 |       0 |     194 |   0.0 |  7480
               +---------+---------+-------+---------+---------+-------+---------
           D:1 |       0 |      46 |   0.0 |       0 |      33 |   0.0 |  1552
           D:2 |       0 |      54 |   0.0 |       0 |      14 |   0.0 |  1116
           D:3 |       0 |      64 |   0.0 |       0 |      18 |   0.0 |   536
           D:4 |       0 |     629 |   0.0 |       0 |      21 |   0.0 |  1009
           D:5 |       0 |     394 |   0.0 |       0 |      25 |   0.0 |   973
           D:6 |       0 |    1119 |   0.0 |       0 |      27 |   0.0 |   928
           D:7 |       0 |    1039 |   0.0 |       0 |      18 |   0.0 |   963
           D:8 |       0 |      87 |   0.0 |       0 |       1 |   0.0 |    34
       Ossuary |       0 |     415 |   0.0 |       0 |      37 |   0.0 |   369
               +---------+---------+-------+---------+---------+-------+---------
